 Dungeon Crawl Stone Soup version 0.27.1-3-gb3d3a73c9e (webtiles) character file.

Game seed: 11363504174373989849

35 Urokeeper the Skirmisher (level 3, 0/24 HPs)
             Began as a Gargoyle Fighter on Oct 8, 2021.
             Slain by a gnoll (3 damage)
             ... on level 2 of the Dungeon.
             The game lasted 00:01:53 (1044 turns).

Urokeeper the Skirmisher (Gargoyle Fighter)         Turns: 1044, Time: 00:01:55

Health: 0/24       AC: 12    Str: 20    XL:     3   Next: 35%
Magic:  3/3        EV:  5    Int:  8    God:
Gold:   36         SH:  9    Dex:  9    Spells: 2/2 levels left

rFire    . . .     SeeInvis .   a - +0 flail
rCold    . . .     Faith    .   c - +0 kite shield
rNeg     + . .     Spirit   .   g - +0 chain mail
rPois    ∞         Reflect  .   (no helmet)
rElec    +         Harm     .   (no cloak)
rCorr    .         Rampage  .   (no gloves)
Will     .....                  (no boots)
Stlth    ..........             (no amulet)
HPRegen  0.08/turn              (no ring)
MPRegen  0.08/turn              (no ring)

@: no status effects
A: sickness immunity, AC +3, negative energy resistance 1, electricity
resistance, torment resistance 1, petrification resistance
a: no special abilities


You were on level 2 of the Dungeon.
You visited 1 branch of the dungeon, and saw 2 of its levels.

You collected 36 gold pieces.

Inventory:

Hand Weapons
 a - a +0 flail (weapon)
Armour
 b - a +0 scale mail
 c - a +0 kite shield (worn)
 g - a +0 chain mail (worn)
Scrolls
 e - a scroll of silence {unknown}
Potions
 d - a potion of might
 f - a potion of haste {unknown}


   Skills:
 * Level 3.8 Fighting
 * Level 2.7 Maces & Flails
 + Level 3.5 Armour
 + Level 3.5 Shields


You had 2 spell levels left.
You didn't know any spells.
Your spell library was empty.

Dungeon Overview and Level Annotations

Branches:
Dungeon (2/15)

Altars:


Innate Abilities, Weirdness & Mutations

You are immune to sickness and miasma.
Your stone body is resilient. (AC +3)
You are immune to poison.
You resist negative energy. (rN+)
You are resistant to electric shocks. (rElec)
You are resistant to unholy torment.
You are immune to petrification.


Message History

There is a stone staircase leading up here.
An endoplasm comes into view.
The endoplasm quivers.
Found a scroll labelled XURUSO TUMYK.
A rat comes into view.
An adder skeleton comes into view.
The adder skeleton bites you.
You closely miss the adder skeleton. The adder skeleton barely misses you.
The endoplasm completely misses you.
The adder skeleton bites you but does no damage.
You sock the adder skeleton!
The adder skeleton is severely damaged.
You block the rat's attack. The endoplasm freezes you.
You are frozen.
The adder skeleton barely misses you. You block the rat's attack.
The gnoll hits you but does no damage.
The endoplasm hits you but does no damage.
Your chain mail prevents you from hitting the adder skeleton.
The adder skeleton is severely damaged.
The adder skeleton bites you. The rat bites you but does no damage.
The gnoll barely misses you. The endoplasm freezes you.
You are frozen.
The adder skeleton bites you but does no damage.
You barely miss the adder skeleton.
The adder skeleton is severely damaged.
The rat bites you. You block the gnoll's attack. The endoplasm hits you.
The adder skeleton bites you but does no damage.
You block the rat's attack. The gnoll hits you but does no damage.
The endoplasm freezes you.
You are frozen.
* * * LOW HITPOINT WARNING * * *
The adder skeleton bites you but does no damage.
You hit the adder skeleton.
You destroy the adder skeleton!
The gnoll hits you with a +0 flail.
* * * LOW HITPOINT WARNING * * *
The rat bites you but does no damage.
The gnoll hits you from afar with a +0 spear.
You die...

.##..#..#
........#
.###....#####.#
..............#
.##.....####..#
..............#
.##....g####..#
......gJ.......
......r@....≈.≈
.......?....§§§
......#.###§§§§
......#.# §§§≈
......... .§.
.##..##.# #..
#.. #. #..


You could see 2 gnolls, an endoplasm and a rat.

Vanquished Creatures
  An adder (D:2)
  An adder skeleton (D:2)
  3 dart slugs (D:1)
  2 endoplasms (D:1)
  2 giant cockroaches (D:1)
  A goblin (D:1)
  3 hobgoblins (D:1)
  2 ball pythons (D:1)
  2 bats (D:1)
  A kobold (D:1)
  3 rats (D:1)
21 creatures vanquished.

Vanquished Creatures (others)
  A withered plant (D:2)
1 creature vanquished.

Grand Total: 22 creatures vanquished

Notes
Turn   | Place    | Note
-------+----------+-------------------------------------------
     0 | D:1      | Urokeeper the Gargoyle Fighter began the quest for the Orb.
     0 | D:1      | Reached XP level 1. HP: 14/14 MP: 1/1
   297 | D:1      | Reached XP level 2. HP: 19/19 MP: 2/2
   680 | D:1      | Reached XP level 3. HP: 24/24 MP: 3/3
  1044 | D:2      | Slain by a gnoll

Illustrated notes

Levels and vault maps discovered:
D:1:      saegor_arrival_simple_b, layout_loops_cross
D:2:      layout_basic, serial_undead, serial_undead_c, serial_undead_f,
          serial_undead_e, serial_undead_d, serial_undead_b,
          shapermc_ecumenical_altar_rom_forum, grunt_ministairs_15

Action                   || total
-------------------------++-------
Melee: Flail             ||    61
Armor: Scale mail        ||    30
       Chain mail        ||    13
Dodge: Dodged            ||    19
Block: Kite shield       ||    33
